Map: Bel'Shir Vestige LE (Void)

Players

Railgan

  • Race: Zerg Zerg
  • League: Grandmaster
  • Spawn Location: 11:00

Nolimit - Winner!

  • Race: Zerg Zerg
  • League: Master
  • Spawn Location: 5:00

VOD

Have the link to the VOD?

Description

Time

  • Played on: March 10, 2017, 9:33 a.m.
  • Length: 7:32
Show
View Real Time Build Order
Export as new Build Order

Railgan Zerg 

Build Orders: Hatch First, Zergling Baneling 

Get SALT Encoding   

  12  0:01  Drone  
  13  0:12  Overlord  
  13  0:18  Drone  
  14  0:30  Drone  
  14  0:31  Drone  
  14  0:34  Drone  
  17  0:45  Drone  
  18  0:57  Hatchery  
  18  0:58  Drone  
  18  1:00  Extractor  
  17  1:13  Spawning Pool  
  17  1:16  Drone  
  17  1:17  Drone  
  18  1:28  Drone  
  19  1:38  Overlord  
  19  1:52  Drone  
  20  2:00  Queen  
  22  2:07  Zergling x2  
  23  2:09  Queen  
  23  2:12  Drone x2, Metabolic Boost  
  27  2:20  Drone  
  28  2:23  Drone  
  29  2:30  Drone  
  29  2:35  Drone  
  29  2:36  Baneling Nest  
  30  2:40  Queen  
  32  2:44  Queen  
  32  2:48  Overlord  
  32  2:50  Zergling x2  
  35  2:55  Drone  
  33  3:14  Drone x7  
  33  3:19  Drone x3  
  43  3:24  Lair  
  43  3:27  Drone  
  43  3:33  Overlord  
  44  3:34  Baneling  
  44  3:35  Baneling  
  44  3:38  Overlord  
  44  3:43  Extractor  
  44  3:45  Zergling x2  
  44  3:55  Zergling x6  
  47  3:59  Drone x3  
  47  4:00  Drone  
  47  4:01  Overlord  
  50  4:10  Drone, Zergling x2  
  50  4:11  Drone  
  52  4:20  Baneling x2  
  52  4:21  Baneling  
  49  4:25  Zergling x6  
  46  4:31  Zergling x2  
  46  4:33  Zergling x2  
  45  4:40  Baneling  
  45  4:41  Zergling x4  
  45  4:46  Baneling x2  
  45  4:47  Queen x2  
  45  4:48  Zergling x2  
  45  4:51  Zergling x2  
  50  4:55  Zergling x2  
  50  4:57  Baneling x4  
  42  5:09  Drone  
  42  5:10  Drone x2  
  45  5:18  Baneling x2  
  45  5:20  Baneling  
  45  5:21  Baneling  
  45  5:23  Zergling x2  
  45  5:24  Baneling x2  
  44  5:30  Zergling x2, Queen  
  44  5:31  Roach Warren, Queen  
  47  5:39  Drone x3  
  47  5:40  Zergling x6  
  50  5:43  Zergling x4  
  50  5:44  Zergling x2  
  50  5:47  Zergling x2  
  54  5:52  Baneling  
  54  5:53  Baneling  
  54  5:54  Zergling x2  
  53  6:01  Baneling x2  
  52  6:09  Zergling x4  
  52  6:10  Baneling, Queen  
  52  6:11  Queen  
  51  6:20  Overlord  
  51  6:22  Overlord  
  51  6:23  Extractor  
  50  6:30  Overlord  
  50  6:32  Roach  
  52  6:35  Extractor  
  51  6:40  Roach x4  
  51  6:44  Baneling  
  57  6:54  Roach x2  
  54  7:07  Roach x2  
  40  7:13  Zergling x10  
Show
View Real Time Build Order
Export as new Build Order

Nolimit Zerg - Winner!

Build Orders: Hatch First 

Get SALT Encoding   

  12  0:01  Drone  
  13  0:15  Overlord  
  13  0:19  Drone  
  14  0:34  Drone x2  
  16  0:38  Drone  
  17  0:56  Hatchery  
  17  0:57  Drone  
  17  1:00  Extractor, Drone  
  17  1:13  Spawning Pool  
  17  1:17  Drone  
  17  1:21  Drone  
  18  1:31  Drone  
  19  1:42  Overlord  
  19  2:01  Zergling x2  
  19  2:03  Metabolic Boost, Zergling x2  
  19  2:04  Queen  
  19  2:07  Queen  
  25  2:11  Drone  
  25  2:14  Drone  
  27  2:21  Drone  
  28  2:28  Drone  
  29  2:34  Hatchery  
  28  2:38  Drone  
  28  2:39  Drone  
  28  2:43  Drone  
  31  2:49  Queen  
  33  2:54  Overlord  
  33  3:08  Zergling x2  
  33  3:09  Baneling Nest, Zergling x6  
  34  3:18  Drone x3  
  36  3:23  Queen  
  36  3:25  Zergling x2  
  39  3:28  Zergling x2  
  39  3:30  Zergling x2  
  41  3:36  Overlord  
  41  3:39  Zergling x4  
  43  3:42  Zergling x2  
  43  3:56  Baneling, Zergling x6  
  43  3:57  Baneling x3  
  46  4:08  Zergling x6  
  48  4:13  Zergling x4  
  48  4:23  Zergling x2  
  48  4:24  Zergling x8  
  47  4:35  Zergling x6  
  49  4:40  Zergling x2  
  49  4:51  Zergling x2  
  49  4:58  Zergling x2  
  49  4:59  Overlord  
  50  5:00  Overlord  
  41  5:10  Zergling x12  
  47  5:15  Baneling x3  
  47  5:17  Zergling x6  
  47  5:18  Zergling x4  
  47  5:19  Baneling  
  52  5:22  Baneling  
  52  5:23  Baneling  
  52  5:24  Zergling x6  
  53  5:34  Zergling x4  
  53  5:41  Zergling x4  
  53  5:42  Baneling x3  
  52  5:50  Zergling x2  
  52  5:51  Zergling x8  
  52  5:52  Baneling  
  54  6:00  Zergling x6  
  52  6:09  Zergling x2  
  52  6:10  Zergling x2  
  52  6:11  Baneling  
  52  6:16  Zergling x8  
  53  6:19  Baneling x2  
  53  6:22  Baneling  
  53  6:24  Extractor, Drone x2  
  53  6:25  Queen  
  54  6:31  Baneling  
  56  6:33  Zergling x6  
  59  6:44  Baneling  
  55  6:54  Zergling x12  
  58  7:04  Zergling x6  
  53  7:10  Zergling x2  
Tags
 
Add a new tag
Caveats
  • Supply blocks, unpowered buildings, or Contaminate may cause inaccurate times.
  • Supply counts are checked every 10 seconds.